 Dungeon Crawl Stone Soup version 0.28.0-53-g5a82cb258f (webtiles) character file.

Game seed: 4073155617340917965

39 pkoi the Insei (level 3, -1/29 HPs)
             Began as a Demigod Gladiator on June 2, 2022.
             Succumbed to an adder's poison
             ... on level 2 of the Dungeon.
             The game lasted 00:01:13 (1176 turns).

pkoi the Insei (Demigod Gladiator)                  Turns: 1176, Time: 00:01:14

Health: -1/29      AC:  6    Str: 15    XL:     3   Next: 11%
Magic:  5/5        EV: 11    Int: 14    God:
Gold:   20         SH:  0    Dex: 15    Spells: 2/2 levels left

rFire   . . .      SeeInvis .     - Unarmed
rCold   . . .      Faith    .   (no shield)
rNeg    . . .      Spirit   .   g - +0 ring mail
rPois   .          Reflect  .   b - +0 helmet
rElec   .          Harm     .   (no cloak)
rCorr   .          Rampage  .   (no gloves)
Will    .....                   (no boots)
Stlth   +.........              (no amulet)
HPRegen 0.09/turn               (no ring)
MPRegen 0.09/turn               (no ring)

@: lethally poisoned (-1 -> -6)
A: high MP 1, forlorn, divine attributes
a: no special abilities


You were on level 2 of the Dungeon.
You visited 1 branch of the dungeon, and saw 2 of its levels.

You collected 20 gold pieces.

Inventory:

Hand Weapons
 f - a +0 short sword
 h - a +0 spear
 k - a +1 vampiric whip
Missiles
 c - 3 throwing nets (quivered)
Armour
 a - a +0 leather armour
 b - a +0 helmet (worn)
 g - a +0 ring mail (worn)
Scrolls
 d - a scroll of enchant weapon {unknown}
 i - a scroll of fog {unknown}
Potions
 e - 2 potions of magic {unknown}
 j - a potion of haste {unknown}


   Skills:
 - Level 1.7 Fighting
 - Level 1.7 Throwing
 - Level 3.0 Dodging
 + Level 3.8 Unarmed Combat


You had 2 spell levels left.
You didn't know any spells.
Your spell library contained the following spells:

 Spells                   Type           Power      Damage    Failure   Level
 Magic Dart               Conj           0%         1d3       50%         1
 Searing Ray              Conj           0%         2d4       65%         2
 Fulminant Prism          Conj/Hex       0%         3d6       99%         4
 Conjure Ball Lightning   Conj/Air       0%         3x3d6     100%        6
 Discord                  Hex            0%         N/A       100%        8
 Disjunction              Tloc           0%         N/A       100%        8


Dungeon Overview and Level Annotations

Branches:
Dungeon (1/15)


Innate Abilities, Weirdness & Mutations

You have an increased reservoir of magic. (+10% MP)
You shall have no god before yourself.
Your divine heritage dramatically boosts your attributes as you level up.


Message History

You closely miss the adder. The adder closely misses you. The adder bites you.
You miss the adder. The adder bites you.
* * * LOW HITPOINT WARNING * * *
You are poisoned.
The adder poisons you!
You closely miss the adder.
You feel sick. The adder bites you.
* * * LOW HITPOINT WARNING * * *
You closely miss the adder.
You feel sick. The adder closely misses you.
You closely miss the adder.
You feel sick. The adder closely misses you. x2
You hit the adder.
The adder is moderately wounded.
You feel sick. The adder barely misses you.
You hit the adder but do no damage.
The adder is moderately wounded.
You feel sick. The adder misses you.
You closely miss the adder.
The adder is moderately wounded.
You feel sick. The adder misses you.
Unknown command.
You miss the adder.
The adder is moderately wounded.
You feel sick.
You are no longer poisoned.
The adder closely misses you.
Unknown command.
You hit the adder.
The adder is heavily wounded.
The adder bites you.
* * * LOW HITPOINT WARNING * * *
You hit the adder.
The adder is almost dead.
The adder bites you.
* * * LOW HITPOINT WARNING * * *
The adder bites you.
* * * LOW HITPOINT WARNING * * *
You are lethally poisoned!
The adder poisons you!
You barely miss the adder.
The adder is almost dead.
You die...

..............#
#.#########
..............# #.#
#...........# #.#
#......!h...# #.#
#...........#####.#
#........h..+.....#######
#...........####.........
#........Jgh####.########
####+#######SS@.........
#.###.####### #.# #.# #.#
#># #.# #.# #.# #.# #.#
#.# #.# #.#


You could see an adder, an endoplasm, a jackal, a goblin and a ball python.

Vanquished Creatures
  A dart slug (D:2)
  4 ball pythons
  6 endoplasms
  A giant cockroach (D:1)
  2 goblins (D:1)
  5 hobgoblins (D:1)
  2 quokkas (D:1)
  5 bats
  A frilled lizard (D:1)
  4 kobolds
31 creatures vanquished.

Notes
Turn   | Place    | Note
-------+----------+-------------------------------------------
     0 | D:1      | pkoi the Demigod Gladiator began the quest for the Orb.
     0 | D:1      | Reached XP level 1. HP: 17/17 MP: 3/3
   460 | D:1      | Reached XP level 2. HP: 24/24 MP: 4/4
   924 | D:1      | You fall into a shaft and drop 1 floor!
  1039 | D:2      | Reached XP level 3. HP: 25/29 MP: 5/5
  1175 | D:2      | HP: 1/29 [adder (4)]
  1176 | D:2      | Succumbed to an adder's poison

Illustrated notes

Levels and vault maps discovered:
D:1:      enne_arrival_octagon_isle, layout_loops_ring
D:2:      layout_basic, hangedman_abyss_or_decor_lesser_grid,
          minmay_fountain_box

Skill      XL: |  1  2 |
---------------+-------+-----
Unarmed Combat | 3 |  3.8
Dodging        | 3 |  3.0
Fighting       | |  1.7
Throwing       | |  1.7

Action                   || total
-------------------------++-------
Melee: Unarmed           ||   132
       Punch             ||     2
Armor: Leather armour    ||    19
       Ring mail         ||    18
Dodge: Dodged            ||    76
